 Dungeon Crawl Stone Soup version 0.29-a0-1008-g949cc1d0fb (webtiles) character file.

Game seed: 4683601345676368703

15773 drpainis the Unseen (level 12, -1/53 HPs)
             Began as a Spriggan Enchanter on Aug 7, 2022.
             Was a Priest of Dithmenos.
             Hit by a boomerang thrown by an orc warrior (10 damage)
             ... on level 2 of the Orcish Mines.
             The game lasted 01:02:23 (32423 turns).

drpainis the Unseen (Spriggan Enchanter)           Turns: 32423, Time: 01:02:25

Health: -1/53      AC:  6    Str:  4    XL:     12   Next: 4%
Magic:  14/29      EV: 20    Int: 19    God:    Dithmenos [***...]
Gold:   630        SH:  5    Dex: 18    Spells: 14/35 levels left

rFire   . . .      SeeInvis +   S - +6 quick blade (freeze)
rCold   . . .      Faith    .   (no shield)
rNeg    . . .      Spirit   .   m - +2 robe {Archmagi}
rPois   +          Reflect  +   q - +1 hat
rElec   .          Harm     .   E - +0 cloak
rCorr   .          Rampage  .   (gloves unavailable)
Will    ++...      Archmagi +   (boots unavailable)
Stlth   +++++++++.              A - amulet of reflection
HPRegen 0.17/turn               f - ring of poison resistance
MPRegen 0.21/turn               r - ring of flight

@: flying, wreathed by umbra, very quick
A: very small, no large weapons, unfitting armour, see invisible, speed 3
a: Renounce Religion, Shadow Step


You were on level 2 of the Orcish Mines.
You worshipped Dithmenos.
Dithmenos was most pleased with you.
You visited 3 branches of the dungeon, and saw 13 of its levels.

You collected 1870 gold pieces.
You spent 1240 gold pieces at shops.

Inventory:

Hand Weapons
 t - the +9 long sword "Racrel" {elec, Drain +Blink rCorr Dex+4}
   (You found it on level 9 of the Dungeon)

   It occasionally discharges a powerful burst of electricity upon striking a
   foe.
   Dex:       It affects your dexterity (+4).
   +Blink:    It lets you blink.
   rCorr:     It protects you from acid and corrosion.
   Drain:     It drains your maximum health when unequipped.
 M - a +2 dagger of speed
 S - a +6 quick blade of freezing (weapon)
Missiles
 s - 43 poisoned darts (quivered)
 u - 2 boomerangs of dispersal
 J - 3 throwing nets
Armour
 b - a +0 robe
 i - a +0 leather armour
 m - a +2 robe of the Archmagi (worn)
 q - a +1 hat (worn)
 E - a +0 cloak (worn)
Magical Staves
 h - a staff of death
Jewellery
 f - a ring of poison resistance (left hand)
 g - a ring of positive energy
 r - a ring of flight (right hand)
 v - a ring of willpower
 y - a ring of fire
 A - an amulet of reflection (around neck)
 C - a ring of see invisible
Wands
 w - a wand of charming (9)
 B - a wand of flame (7)
 D - a wand of iceblast (10)
 O - a wand of quicksilver (12)
Scrolls
 a - a scroll of torment {unknown}
 c - 2 scrolls of identify
 l - 3 scrolls of amnesia
 x - 4 scrolls of vulnerability
 G - 2 scrolls of immolation
 I - 2 scrolls of poison
 K - a scroll of blinking {unknown}
 L - 2 scrolls of teleportation
Potions
 d - a potion of might
 e - 2 potions of haste
 j - 2 potions of brilliance
 k - 3 potions of lignification
 n - a potion of mutation {unknown}
 o - 6 potions of attraction
 p - 4 potions of flight
 z - 4 potions of curing
 F - 2 potions of degeneration
 H - 2 potions of heal wounds
 P - a potion of berserk rage {unknown}
 Q - a potion of magic {unknown}
 R - a potion of cancellation {unknown}


   Skills:
 + Level 1.5 Fighting
 + Level 5.8 Short Blades
 + Level 0.2 Throwing
 + Level 6.1 Dodging
 + Level 15.5 Stealth
 + Level 1.6 Shields
 + Level 12.0 Spellcasting
 + Level 0.4 Conjurations
 + Level 11.5 Hexes
 + Level 6.1 Ice Magic
 + Level 0.4 Evocations


You had 14 spell levels left.
You knew the following spells:

 Your Spells              Type           Power      Damage    Failure   Level
a - Ensorcelled Hibernat  Hex/Ice        100%       N/A       1%          2
b - Confusing Touch       Hex            70%        N/A       1%          3
c - Tukima's Dance        Hex            70%        N/A       1%          3
d - Dazzling Flash        Conj/Hex       100%       N/A       1%          3
e - Slow                  Hex            100%       N/A       1%          1
f - Cause Fear            Hex            35%        N/A       1%          4
g - Summon Mana Viper     Hex/Summ       50%        N/A       16%         5

Your spell library contained the following spells:

 Spells                   Type           Power      Damage    Failure   Level
 Freeze                   Ice            100%       1d11      1%          1
 Frozen Ramparts          Ice            100%       1d16      1%          3
 Inner Flame              Hex/Fire       49%        N/A       1%          3
 Summon Guardian Golem    Hex/Summ       50%        N/A       1%          3
 Magic Dart               Conj           76%        1d6       4%          1
 Metabolic Englaciation   Hex/Ice        30%        N/A       4%          5
 Foxfire                  Conj/Fire      72%        2x1d7     5%          1
 Call Imp                 Summ           17%        N/A       9%          2
 Static Discharge         Conj/Air       18%        3-6/arc   9%          2
 Sublimation of Blood     Necr           17%        N/A       9%          2
 Wereblood                Tmut           17%        N/A       9%          2
 Conjure Flame            Conj/Fire      18%        6-21      16%         3
 Hailstorm                Conj/Ice       36%        3d9       16%         4
 Mephitic Cloud           Conj/Pois/Air  18%        N/A       17%         3
 Ice Form                 Ice/Tmut       34%        N/A       17%         4
 Summon Ice Beast         Ice/Summ       34%        N/A       17%         4
 Gell's Gravitas          Tloc           17%        N/A       19%         3
 Lesser Beckoning         Tloc           17%        N/A       19%         3
 Teleport Other           Tloc           17%        N/A       19%         3
 Enfeeble                 Hex            35%        N/A       41%         7
 Flame Wave               Conj/Fire      18%        2d7       47%         4
 Sticky Flame             Conj/Fire      18%        2d4       47%         4
 Animate Dead             Necr           17%        N/A       52%         4
 Dispel Undead            Necr           17%        3d10      52%         4
 Alistair's Intoxication  Tmut/Pois      11%        N/A       86%         5
 Borgnjor's Vile Clutch   Necr/Erth      8%         N/A       86%         5
 Eringya's Noxious Bog    Tmut/Pois      8%         N/A       100%        6
 Haunt                    Necr/Summ      8%         N/A       100%        7
 Monstrous Menagerie      Summ           8%         N/A       100%        7
 Orb of Destruction       Conj           9%         9d6       100%        7
 Spellforged Servitor     Conj/Summ      9%         N/A       100%        7
 Summon Hydra             Summ           8%         N/A       100%        7
 Infestation              Necr           8%         N/A       100%        8


Dungeon Overview and Level Annotations

Branches:
Dungeon (10/15)            Temple (1/1) D:4             Orc (2/2) D:10
    Elf (0/3) Orc:2
   Lair: D:8-11

Altars:
Ashenzari
Cheibriados
Dithmenos
Elyvilon
Fedhas
Gozag
Hepliaklqana
Kikubaaqudgha
Makhleb
Nemelex Xobeh
Okawaru
Qazlal
Ru
Sif Muna
Trog
Uskayaw
Vehumet
Wu Jian
Xom
Yredelemnul
Zin
The Shining One

Shops:
D:2 *   D:4 !   D:5 ?*:[(   D:6 *   Orc:1 (   Orc:2 ?*


Innate Abilities, Weirdness & Mutations

You are very small and have problems with some larger weapons.
You are too small for most types of armour.
You have supernaturally acute eyesight. (SInv)
You cover ground extremely quickly. (Speed+++)


Message History

The boomerang barely misses you.
Your +0 arbalest shoots a bolt.
The bolt hits the orc knight!!
The orc knight roars a battlecry!
The orcs go into a battle-frenzy!
Your mana viper bites the orc warrior!
Something hits your mana viper!
Things that are here:
a +0 chain mail; a +0 battleaxe Something barely misses your mana viper.
Okay, then.
Casting: Tukima's Dance (safe; 1% risk of failure)
Confirm with . or Enter, or press ? or * to list all spells.
Aiming: Tukima's Dance (safe; 1% risk of failure)
Press: ? - help, Shift-Dir - straight line, f - orc high priest
Aim: an orc high priest, wielding a +0 glaive (lightly wounded, strong, umbra, chance to affect: 46%)
You feel a surge of power!
The orc high priest resists with some effort.
Something misses your mana viper.
Casting: Tukima's Dance (safe; 1% risk of failure)
Confirm with . or Enter, or press ? or * to list all spells.
Aiming: Ensorcelled Hibernation (safe; 1% risk of failure)
Press: ? - help, Shift-Dir - straight line, f/p - orc high priest
Aim: an orc high priest, wielding a +0 glaive (lightly wounded, strong, ally target, umbra, chance to affect: 37%)
You feel a surge of power!
The orc high priest easily resists.
Something barely misses your mana viper.
The orc high priest hits you from afar with a +0 glaive!!
The orc warrior closely misses your mana viper.
Your mana viper misses the orc warrior.
Casting: Ensorcelled Hibernation (safe; 1% risk of failure)
Confirm with . or Enter, or press ? or * to list all spells.
You don't know that spell.
Really renounce your faith, foregoing its fabulous benefits?
Okay, then.
Your mana viper bites the orc warrior!
The orc high priest mumbles some strange prayers to Beogh against you.
Beogh smites you!
* * * LOW HITPOINT WARNING * * *
The orc warrior throws a boomerang.
The boomerang misses your mana viper. The boomerang hits you!
You die...

..###3oo#
#o).###............##
.###...#
#.o.###.<.....#..#.#
## ..o#
##.S.###.[..[.......
## 3.#
##)..###..[..#.##.#
#o#.#
##.#o###.....#####
...## ##o..###.....#
#.#)## ##S#.###...#.##
##...##
##..[###.[...##
###...##
##.@.###.)[..##
.###...##
##.).###..#####
..###.3.##
##.).###).##
#..###...###..)###)[##
#..##....#..)[##).## #
#..#.#....[#.#[[## .
#.....[..)..)[## #
##...#.#.#.).##
##.......).##


You could see an orc high priest (strong, ally target), an orc warrior (strong)
and a friendly mana viper (summoned).

Vanquished Creatures
  2 two-headed ogres
  3 orc high priests
  Lodul (D:10)
  2 orc knights (Orc:2)
  2 orc sorcerers (Orc:2)
  A rust devil (Orc:2)
  A kobold demonologist (D:10)
  A red devil (Orc:2)
  3 trolls
  3 hornets
  Prince Ribbit (D:6)
  3 yaks (D:8)
  A human (D:6)
  A warg (Orc:2)
  Menkaure (D:4)
  An acid dragon (D:10)
  21 orc warriors
  4 ice beasts
  2 black bears
  8 ogres
  A centaur (D:8)
  A phantom (D:5)
  5 kobold brigands
  A necrophage (D:4)
  2 bullfrogs
  4 scorpions
  5 gnoll sergeants
  3 wights (D:8)
  2 electric eels (D:8)
  3 howler monkeys (D:10)
  A crimson imp (D:8)
  2 hounds
  2 jellies (D:5)
  Crazy Yiuf (D:6)
  4 gnoll boudas
  10 orc priests
  3 iguanas
  11 orc wizards
  37 gnolls
  5 adders
  A shadow imp (D:6)
  2 white imps
  3 ufetubi
  A worm (D:3)
  43 orcs
  5 ball pythons
  2 bats
  6 endoplasms
  3 giant cockroaches
  7 hobgoblins
  8 jackals
  5 quokkas
  A frilled lizard (D:1)
  8 goblins
  12 kobolds
  2 rats (D:1)
274 creatures vanquished.

Vanquished Creatures (collateral kills)
  A two-headed ogre (D:10)
  3 orc warriors
  3 ogres (D:10)
  2 gnoll sergeants (D:10)
  3 orc priests (Orc:2)
  2 orc wizards (Orc:2)
  3 gnolls
  10 orcs
  A hobgoblin (D:3)
  5 kobolds
33 creatures vanquished.

Vanquished Creatures (others)
  12 dancing weapons
  An orc priest (Orc:1)
  An orc (D:10)
  A plant (D:5)
15 creatures vanquished.

Grand Total: 322 creatures vanquished

Notes
Turn   | Place    | Note
-------+----------+-------------------------------------------
     0 | D:1      | drpainis the Spriggan Enchanter began the quest for the
                  | Orb.
     0 | D:1      | Reached XP level 1. HP: 9/9 MP: 5/5
   583 | D:1      | You fall into a shaft and drop 1 floor!
   600 | D:2      | Reached skill level 5 in Stealth
   859 | D:1      | Reached XP level 2. HP: 13/13 MP: 6/6
  1118 | D:2      | Found Udoarup's Assorted Antiques.
  1122 | D:2      | Learned a level 2 spell: Ensorcelled Hibernation
  1542 | D:1      | Reached XP level 3. HP: 10/16 MP: 0/8
  2590 | D:1      | Learned a level 3 spell: Confusing Touch
  3807 | D:2      | Reached skill level 1 in Ice Magic
  3807 | D:2      | Reached XP level 4. HP: 21/21 MP: 2/9
  4078 | D:1      | Learned a level 3 spell: Tukima's Dance
  4772 | D:3      | Noticed a black bear
  4777 | D:3      | Killed a black bear
  4778 | D:3      | Reached skill level 6 in Stealth
  4778 | D:3      | Reached XP level 5. HP: 24/24 MP: 11/11
  4811 | D:2      | Bought an embroidered robe for 88 gold pieces
  7078 | D:4      | Found Gunkuab's Distillery.
  7488 | D:4      | Reached skill level 5 in Hexes
  7488 | D:4      | Reached XP level 6. HP: 27/28 MP: 9/12
  8374 | D:4      | Found a staircase to the Ecumenical Temple.
  8385 | D:4      | Reached skill level 7 in Stealth
  8396 | Temple   | Entered the Ecumenical Temple
  8566 | Temple   | Became a worshipper of Dithmenos the Shadowed
  8743 | D:4      | Reached XP level 7. HP: 32/32 MP: 11/15
  9014 | D:4      | Noticed Menkaure
  9023 | D:4      | Killed Menkaure
  9024 | D:4      | Reached skill level 5 in Spellcasting
  9649 | D:5      | Entered Level 5 of the Dungeon
  9833 | D:5      | Found Zubu Riorich's Book Shop.
  9872 | D:5      | Found Erig's Antique Weapon Shoppe.
 10713 | D:5      | Reached skill level 8 in Stealth
 10736 | D:5      | Found Zots's Antique Armour Emporium.
 10742 | D:5      | Bought a hat for 140 gold pieces
 10823 | D:5      | Found Vucex's Assorted Antiques.
 10830 | D:5      | Found Lobodgh's Magic Scroll Shop.
 11410 | D:6      | Found Zicatit's Hallowed Reliquary.
 11742 | D:6      | Reached XP level 8. HP: 37/37 MP: 14/18
 11748 | D:6      | Noticed an angel
 11833 | D:6      | Found a shimmering blue altar of Sif Muna.
 12005 | D:6      | Found a runed translucent door.
 12006 | D:6      | Noticed Crazy Yiuf
 12053 | D:6      | Killed Crazy Yiuf
 12453 | D:6      | Noticed Prince Ribbit
 12456 | D:6      | Killed Prince Ribbit
 12472 | D:6      | Noticed a hornet
 12473 | D:6      | Found a runed translucent door.
 12478 | D:6      | Found a basalt altar of Yredelemnul.
 12481 | D:6      | Killed a hornet
 12482 | D:6      | Reached skill level 9 in Stealth
 12772 | D:6      | Reached skill level 1 in Fighting
 12799 | D:6      | Found an opulent altar of Gozag.
 12799 | D:6      | Found an ornate altar of the Wu Jian Council.
 13555 | D:6      | Reached skill level 10 in Stealth
 13577 | D:6      | Found a white marble altar of Elyvilon.
 13646 | D:6      | Reached XP level 9. HP: 33/41 MP: 7/20
 13652 | D:6      | Reached * piety under Dithmenos
 15092 | D:7      | Learned a level 3 spell: Dazzling Flash
 15411 | D:8      | Found a broken altar of Ashenzari.
 16434 | D:8      | Reached skill level 11 in Stealth
 17233 | D:8      | Found a burning altar of Makhleb.
 17234 | D:8      | Found a radiant altar of Vehumet.
 18150 | D:8      | Identified 2 scrolls of acquirement
 18152 | D:8      | Acquired a +4 quick blade
 18166 | D:8      | Acquired Qyish's Excursus on Altered Imprecation
 18172 | D:8      | Learned a level 1 spell: Slow
 18177 | D:8      | Learned a level 4 spell: Cause Fear
 18767 | D:9      | Reached XP level 10. HP: 45/45 MP: 19/23
 18770 | D:9      | Reached ** piety under Dithmenos
 18795 | D:9      | Reached skill level 12 in Stealth
 19382 | D:9      | Identified the +9 long sword "Racrel" {elec, Drain +Blink
                  | rCorr Dex+4}
 19683 | D:10     | Entered Level 10 of the Dungeon
 19724 | D:10     | Reached skill level 5 in Dodging
 19991 | D:10     | Noticed a two-headed ogre
 20011 | D:10     | Killed a two-headed ogre
 20012 | D:10     | Reached skill level 1 in Shields
 20172 | D:10     | Noticed a two-headed ogre
 20179 | D:10     | Killed a two-headed ogre
 20180 | D:10     | Reached skill level 13 in Stealth
 20368 | D:10     | Noticed Lodul
 20389 | D:10     | Reached skill level 5 in Ice Magic
 20398 | D:10     | Killed Lodul
 20399 | D:10     | Reached skill level 5 in Short Blades
 21087 | D:10     | Reached skill level 14 in Stealth
 21228 | D:10     | Found a staircase to the Orcish Mines.
 21513 | D:10     | Reached skill level 10 in Spellcasting
 21628 | D:10     | Reached XP level 11. HP: 49/49 MP: 16/26
 22423 | D:2      | Bought a scroll of identify for 48 gold pieces
 22504 | D:5      | Bought a scroll of brand weapon for 104 gold pieces
 22531 | D:5      | Bought a scroll of identify for 56 gold pieces
 22765 | D:5      | Bought a book of Displacement for 360 gold pieces
 22775 | D:5      | Learned a level 5 spell: Summon Mana Viper
 23117 | Orc:1    | Entered Level 1 of the Orcish Mines
 23117 | Orc:1    | Noticed an orc high priest
 23119 | Orc:1    | Found Leuk's Weapon Shoppe.
 23123 | Orc:1    | Noticed a sun demon
 24460 | Orc:1    | Killed an orc high priest
 24461 | Orc:1    | Reached skill level 10 in Hexes
 25460 | Orc:2    | Entered Level 2 of the Orcish Mines
 25495 | Orc:2    | Reached *** piety under Dithmenos
 26244 | Orc:2    | Noticed an orc sorcerer
 26327 | Orc:2    | Killed an orc sorcerer
 26603 | Orc:2    | Noticed a two-headed ogre
 26610 | Orc:2    | Killed a two-headed ogre
 27149 | Orc:2    | Found Wifo's General Store.
 27150 | Orc:2    | Found Edwoguek's Magic Scroll Shoppe.
 27150 | Orc:2    | Noticed an orc knight
 27191 | Orc:1    | Noticed an ettin
 27195 | Orc:2    | HP: 1/49 [orc knight/+0 great sword (14)]
 28669 | Orc:2    | Killed an orc knight
 28873 | Orc:2    | Reached skill level 15 in Stealth
 28933 | Orc:2    | Noticed an orc knight
 28933 | Orc:2    | Noticed a sun demon
 28933 | Orc:2    | Noticed a sun demon
 28933 | Orc:2    | Noticed an orc knight
 28933 | Orc:2    | Noticed an orc high priest
 29313 | Orc:2    | Noticed an orc sorcerer
 29313 | Orc:2    | Noticed an orc high priest
 29313 | Orc:2    | Noticed an orc knight
 29339 | Orc:2    | Killed an orc high priest
 30129 | Orc:2    | Killed an orc knight
 30367 | Orc:2    | Killed an orc high priest
 30559 | Orc:2    | Killed an orc sorcerer
 30560 | Orc:2    | Reached XP level 12. HP: 24/53 MP: 9/29
 31324 | Orc:2    | Bought a scroll of identify for 30 gold pieces
 31324 | Orc:2    | Bought a scroll of identify for 30 gold pieces
 31324 | Orc:2    | Bought a scroll of enchant armour for 112 gold pieces
 31327 | Orc:2    | Bought a scroll of brand weapon for 152 gold pieces
 31327 | Orc:2    | Bought a scroll of enchant weapon for 120 gold pieces
 31443 | Orc:2    | Noticed an orc high priest
 32009 | Orc:2    | Found a staircase to the Elven Halls.
 32423 | Orc:2    | Hit by a boomerang thrown by an orc warrior

Illustrated notes

Levels and vault maps discovered:
D:1:      dpeg_arrival_more_subterranean_lakeside_camping, layout_basic,
          minmay_misc_feat_cross, minmay_misc_feat_square
D:2:      layout_rooms, serial_shops, shop_fountains,
          kennysheep_decorative_pillar
D:3:      minmay_spotlight, layout_loops_corners
D:4:      layout_basic, minmay_temple_entry_proselytizer, serial_shops,
          nicolae_inconvenience_store, hangedman_abyss_or_decor_stabs,
          uniq_menkaure
D:5:      nicolae_BIG_FREAKIN_CUBE, layout_cave_pools, serial_shops,
          nicolae_shop_crystal, shop, nicolae_shop_advertising_works
          [nicolae_subvault_shop_adworks], shop,
          nicolae_shop_overgrown_old_shop, minmay_misc_feat_room
D:6:      layout_loops_ring, nicolae_sif_muna_condensation, elyvilon_altar_5,
          dk_yredelemnul_ordeal, gammafunk_temple_overflow_statue,
          nicolae_good_shop, uniq_crazy_yiuf_cottage, uniq_prince_ribbit1
D:7:      layout_basic
D:8:      layout_basic, grunt_temple_overflow_lords_of_destruction,
          kennysheep_little_box
D:9:      layout_rooms, lightli_orcish_oven
D:10:     layout_basic, kennysheep_orc_monster_closet_entryway,
          hangedman_abyss_or_decor_clamps, uniq_lodul
Temple:   compressed_dpeg_circular_temple
Orc:1:    layout_caves, serial_shops, shop_fountains
Orc:2:    pf_orc_diabolical, layout_caves

Skill      XL: |  1  2  3  4  5  6  7  8  9 10 11 |
---------------+----------------------------------+-----
Stealth        | 5 6 7 8 10 11 14 15 | 15.5
Hexes          | 4 5 6 7 8 9 11 | 11.5
Spellcasting   | 3 4 6 7 8 10 12 | 12.0
Ice Magic      | 1 2 3 4 5 6 |  6.1
Short Blades   | 2 3 4 5 |  5.8
Dodging        | 3 4 5 6 |  6.1
Fighting       | 1 |  1.5
Shields        | 1 |  1.6
Throwing       | |  0.2
Conjurations   | |  0.4
Evocations     | |  0.4

Action                   |  1- 3 |  4- 6 |  7- 9 | 10-12 || total
-------------------------+-------+-------+-------+-------++-------
Melee: Dagger            |    76 |    86 |   265 |       ||   427
       Punch             |     1 |       |     3 |     5 ||     9
       Quick blade       |       |       |    28 |   313 ||   341
Throw: Dart              |       |       |     5 |       ||     5
 Cast: Ensorcelled Hiber |    28 |    46 |   111 |   196 ||   381
       Tukima's Dance    |       |    15 |    21 |    58 ||    94
       Confusing Touch   |       |     2 |    20 |    20 ||    42
       Dazzling Flash    |       |       |     5 |    18 ||    23
       Slow              |       |       |     3 |    11 ||    14
       Cause Fear        |       |       |     1 |    21 ||    22
       Summon Mana Viper |       |       |       |     8 ||     8
Evoke: Wand              |       |     2 |     1 |     2 ||     5
  Use: Scroll            |       |       |    10 |    11 ||    21
       Potion            |       |       |     3 |     5 ||     8
 Stab: Sleeping          |    17 |    39 |    64 |    83 ||   203
       Confused          |       |     2 |    17 |    15 ||    34
       Distracted        |       |       |     1 |     1 ||     2
       Invisible         |       |       |     2 |     6 ||     8
       Fleeing           |       |       |     1 |     1 ||     2
Armor: Robe              |    11 |     7 |    16 |    20 ||    54
Dodge: Dodged            |    91 |    78 |   177 |   210 ||   556
Block: Other             |       |       |    37 |    46 ||    83
       Reflection        |       |       |     2 |     7 ||     9

Table legend: (Time is in decaauts)
 A = Elapsed time spent in this place.
 B = Non-inter-level travel time spent in this place.
 C = Inter-level travel time spent in this place.
 D = Time resting spent in this place.
 E = Time spent auto-exploring this place.
 F = Levels seen in this place.
 G = Mean time per level.
                   A        B        C        D        E       F      G
               +--------+--------+--------+--------+--------+-----+--------+
         Total |  28329 |  27972 |    357 |  20329 |   3355 |  13 | 2179.2 |
       Dungeon |  21515 |  21158 |    357 |  14936 |   3119 |  10 | 2151.5 |
        Temple |    149 |    149 |      0 |     37 |     54 |   1 |  149.0 |
  Orcish Mines |   6663 |   6663 |      0 |   5356 |    182 |   2 | 3331.5 |
               +--------+--------+--------+--------+--------+-----+--------+

Top non-repeatable levels by time:
   Orc:2: 4814 daAuts
    D:10: 4048 daAuts
     D:1: 3210 daAuts
     D:8: 2314 daAuts
     D:4: 2197 daAuts
     D:5: 2097 daAuts
     D:3: 1909 daAuts
     D:6: 1885 daAuts
   Orc:1: 1849 daAuts
     D:7: 1666 daAuts
     D:2: 1294 daAuts
     D:9: 893 daAuts
  Temple: 149 daAuts
